 Dungeon Crawl Stone Soup version 0.30.0-18-gc0e69614cb (webtiles) character file.

Game seed: 1918559443816919464

109 meatpath the Shield-Bearer (level 4, 0/30 HPs)
             Began as a Gargoyle Fighter on May 23, 2023.
             Constricted to death by a ball python (1 damage)
             ... on level 3 of the Dungeon.
             The game lasted 00:04:14 (2689 turns).

meatpath the Shield-Bearer (Gargoyle Fighter)       Turns: 2689, Time: 00:04:15

Health: 0/30       AC: 10    Str: 21    XL:     4   Next: 89%
Magic:  4/4        EV: 11    Int:  9    God:
Gold:   101        SH:  4    Dex:  9    Spells: 3/3 levels left

rFire   . . .        a - +0 flail
rCold   + . .        c - +0 buckler
rNeg    + . .        b - +0 scale mail
rPois   ∞            (no helmet)
rElec   +            (no cloak)
rCorr   .            (no gloves)
SInv    .            (no boots)
Will    .....        o - amulet of the acrobat Stlth
                     i - +5 ring of evasion
HPRegen 0.25/turn    j - ring of protection from cold
MPRegen 0.09/turn

%: acrobat
@: mighty, constricted
A: sickness immunity, AC +3, negative energy resistance 1, electricity
resistance, torment resistance 1, petrification resistance
a: no special abilities


You were on level 3 of the Dungeon.
You visited 1 branch of the dungeon, and saw 4 of its levels.

You collected 101 gold pieces.

Inventory:

Hand Weapons
 a - a +0 flail (weapon)
Armour
 b - a +0 scale mail (worn)
 c - a +0 buckler (worn)
Jewellery
 i - a +5 ring of evasion (left hand)
 j - a ring of protection from cold (right hand)
 o - an amulet of the acrobat (around neck)
Wands
 l - a wand of acid (4)
Scrolls
 e - 2 scrolls of teleportation
 h - a scroll of summoning
Potions
 d - a potion of might
 k - a potion of resistance
 m - 3 potions of flight
 n - a potion of mutation {unknown}
 p - a potion of degeneration {unknown}


   Skills:
 + Level 4.3 Fighting
 + Level 3.2 Maces & Flails
 - Level 3.2 Armour
 + Level 4.3 Shields


You had 3 spell levels left.
You didn't know any spells.
Your spell library was empty.

Dungeon Overview and Level Annotations

Branches:
Dungeon (4/15)
 Temple: D:4-7

Altars:
Makhleb
Yredelemnul


Innate Abilities, Weirdness & Mutations

You are immune to sickness and miasma.
Your stone body is resilient. (AC +3)
You are immune to poison.
You resist negative energy. (rN+)
You are resistant to electric shocks. (rElec)
You are resistant to unholy torment.
You are immune to petrification.


Message History

The sleepcap is moderately damaged.
The ball python barely misses you. The ball python constricts you.
The endoplasm hits you but does no damage.
The gnoll hits you but does no damage. The sleepcap misses you.
You hit the sleepcap but do no damage.
The sleepcap is moderately damaged.
You block the ball python's attack. The ball python constricts you.
The sleepcap releases spores at you.
The endoplasm hits you but does no damage.
The gnoll hits you with a +2 vampiric whip.
* * * LOW HITPOINT WARNING * * *
The ball python closely misses you. The ball python constricts you.
The sleepcap barely misses you. The endoplasm freezes you.
You are frozen.
You resist.
* * * LOW HITPOINT WARNING * * *
The gnoll hits you with a +2 vampiric whip.
* * * LOW HITPOINT WARNING * * *
You feel very mighty all of a sudden. The ball python misses you.
The ball python constricts you. You block the sleepcap's attack.
The endoplasm barely misses you. You block the gnoll's attack.
You sock the sleepcap!
The sleepcap is severely damaged.
The ball python bites you but does no damage.
The ball python constricts you. The endoplasm freezes you.
You are frozen.
You resist.
* * * LOW HITPOINT WARNING * * *
The gnoll hits you but does no damage. The sleepcap barely misses you.
The ball python bites you but does no damage.
The ball python constricts you.
* * * LOW HITPOINT WARNING * * *
You hit the sleepcap.
The sleepcap is severely damaged.
The sleepcap releases spores at you.
* * * LOW HITPOINT WARNING * * *
The endoplasm hits you but does no damage.
The ball python closely misses you. The ball python constricts you.
You die...

#.# #.#...##.#...).....#
#.###.#....#(#.#.####..#
#........_.......# ###.###
#..#.#.#....#.#### #b#.#.#
#..#.#.##...#.# #.#.#.#
#..#.#....###.######.#.#.#
#..#.####.....#..#.#.#.#.#.####
#.........#####fS#P#P#.#.#P#..###
#...##.##.....)J@#.#P#.#.#.##....
#...##.###..#..g## #.#.#.# #####
#...<............# #P#.#P#
#.<.........#...## #.#.#.#
###.##.###..##.## ###.##########
#.##.###..##.# #...........
#.##......##.# ###########.
#....#######.# #.
#)##.##b##...### ##


You could see a sleepcap, a gnoll, an endoplasm and a ball python.

Vanquished Creatures
  3 gnolls (D:3)
  2 adders
  A dart slug (D:1)
  2 orcs (D:3)
  3 bats
  7 endoplasms
  3 giant cockroaches (D:2)
  3 goblins
  5 hobgoblins
  6 kobolds
  4 quokkas
  5 ball pythons
  8 frilled lizards
  7 rats
59 creatures vanquished.

Notes
Turn   | Place    | Note
-------+----------+-------------------------------------------
     0 | D:1      | meatpath the Gargoyle Fighter began the quest for the Orb.
     0 | D:1      | Reached XP level 1. HP: 14/14 MP: 1/1
    84 | D:1      | Reached XP level 2. HP: 9/19 MP: 2/2
   224 | D:1      | Found a faded altar of an unknown god.
   513 | D:1      | Reached XP level 3. HP: 24/24 MP: 3/3
  1530 | D:2      | Reached XP level 4. HP: 25/29 MP: 4/4
  1734 | D:3      | Found a basalt altar of Yredelemnul.
  2116 | D:3      | Found a burning altar of Makhleb.
  2116 | D:3      | Noticed a cacodemon
  2689 | D:3      | HP: 1/30 [sleepcap (2)]
  2689 | D:3      | Constricted to death by a ball python

Illustrated notes

Levels and vault maps discovered:
D:1:      amcnicky_arrival_blooded_trapdoor, layout_basic,
          ebering_ecumenical_altar_webs, serial_corexii_hall,
          corexii_hall_statues_x, corexii_hall_statues_i,
          chequers_hall_statues_wall_a, corexii_hall_statues_i,
          grunt_decor_junction, patterned_corridor
D:2:      layout_basic, serial_corexii_hall, corexii_hall_statues_u,
          chequers_hall_statues_y, chequers_hall_statues_wall_a,
          minmay_misc_feat_roman
D:3:      layout_loops_ring, nicolae_overflow_crystal_walls,
          makhleb_altar_promises_db, serial_aquarium, aquarium_bridge_straight
          [aquarium_subvault_bridge, aquarium_subvault_window,
          aquarium_subvault_bridge, aquarium_subvault_window],
          aquarium_bridge_straight [aquarium_subvault_bridge,
          aquarium_subvault_balcony, aquarium_subvault_bridge,
          aquarium_subvault_wall], aquarium_window_2, aquarium_window_fake,
          aquarium_window_1, aquarium_window_fake, aquarium_view_2b,
          aquarium_view_2f, aquarium_balcony_5b, minmay_misc_feat_alley
D:4:      layout_cave_pools, tso_altar, mainiacjoe_overflow_alcove_1,
          minmay_temple_entry_large_hall, uniq_duvessa

Skill      XL: |  1  2  3  4 |
---------------+-------------+-----
Fighting       | 4 |  4.3
Shields        | 4 |  4.3
Maces & Flails | 3 |  3.2
Armour         | |  3.2

Action                     |  1- 3 |  4- 6 || total
---------------------------+-------+-------++-------
  Melee: Flail             |   134 |    64 ||   198
    Use: Scroll            |     2 |     3 ||     5
         Potion            |       |     2 ||     2
 Armour: Scale mail        |    76 |    42 ||   118
  Dodge: Dodged            |    64 |    59 ||   123
  Block: Buckler           |    26 |    25 ||    51
